 Dungeon Crawl Stone Soup version 0.27-a0-1272-g7c8ad2e407 (webtiles) character file.

Game seed: 1251332948422175582

413 DeathSun the Cudgeller (level 6, -2/40 HPs)
             Began as a Gargoyle Fighter on June 11, 2021.
             Was an Initiate of Gozag.
             Killed by nerve-wracking pain
             ... invoked by Grinder
              (5 damage)
             ... on level 4 of the Dungeon.
             The game lasted 00:07:25 (3726 turns).

DeathSun the Cudgeller (Gargoyle Fighter)           Turns: 3726, Time: 00:07:26

Health: -2/40      AC: 11    Str: 21    XL:     6   Next: 90%
Magic:  6/6        EV:  7    Int:  9    God:    Gozag
Gold:   358        SH:  9    Dex:  9    Spells: 5/5 levels left

rFire    . . .     SeeInvis .   a - +0 flail
rCold    . . .     Faith    .   c - +0 kite shield
rNeg     + . .     Spirit   .   b - +0 scale mail
rPois    ∞         Reflect  .   (no helmet)
rElec    +         Harm     .   (no cloak)
rCorr    .         Rampage  .   (no gloves)
Will     .....                  (no boots)
Stlth    ..........             (no amulet)
HPRegen  0.13/turn              (no ring)
MPRegen  0.10/turn              (no ring)

@: mighty, gold aura
A: sickness immunity, AC +4, negative energy resistance 1, electricity
resistance, torment resistance 1, petrification resistance
a: Renounce Religion, Potion Petition, Call Merchant, Bribe Branch


You were on level 4 of the Dungeon.
You worshipped Gozag.
Gozag was aware of your devotion.
You visited 1 branch of the dungeon, and saw 4 of its levels.
You also visited: Sewer.

You collected 358 gold pieces.

Inventory:

Hand Weapons
 a - a +0 flail (weapon)
 e - a +0 morningstar
Armour
 b - a +0 scale mail (worn)
 c - a +0 kite shield (worn)
Wands
 i - a wand of iceblast (19)
Scrolls
 f - a scroll of identify {unknown}
 j - 3 scrolls of blinking {unknown}
 n - 5 scrolls of teleportation {unknown}
 p - a scroll of magic mapping {unknown}
 r - a scroll of enchant weapon {unknown}
Potions
 d - a potion of might
 g - 3 potions of haste {unknown}
 h - a potion of invisibility {unknown}
 k - a potion of lignification {unknown}
 l - a potion of curing {unknown}
 m - a potion of flight {unknown}
 o - a potion of heal wounds {unknown}
 q - 2 potions of magic {unknown}


   Skills:
 - Level 5.0 Fighting
 * Level 6.2 Maces & Flails
 - Level 3.2 Armour
 - Level 3.2 Shields


You had 5 spell levels left.
You didn't know any spells.
Your spell library was empty.

Dungeon Overview and Level Annotations

Branches:
Dungeon (4/15)              Sewer (visited)
 Temple: D:4-7

Altars:
Gozag

Annotations:
D:3 Sigmund
D:4 Grinder


Innate Abilities, Weirdness & Mutations

You are immune to sickness and miasma.
Your stone body is resilient. (AC +4)
You are immune to poison.
You resist negative energy. (rN+)
You are resistant to electric shocks. (rElec)
You are resistant to unholy torment.
You are immune to petrification.


Message History

You block the iguana's attack.
You hit the iguana.
The iguana is heavily wounded.
The iguana bites you but does no damage.
The iguana bites you!
You completely miss the iguana.
The iguana is heavily wounded.
Grinder says, "My boss said I was rubbish.
His entrails said otherwise."
The iguana bites you but does no damage.
Grinder blinks!
You barely miss the iguana.
The iguana is heavily wounded.
The iguana bites you! The iguana bites you.
You sock the iguana!
You kill the iguana!
The hound pauses to sniff the ground.
You feel very mighty all of a sudden.
Grinder says, "I used to sell toenails on the black market."
Menkaure calls on the powers of darkness!
The hound convulses!
Your body is wracked with pain!
You hit Menkaure.
Menkaure is moderately damaged.
Menkaure calls on the powers of darkness!
The hound convulses!
Your body is wracked with pain!
Grinder blinks!
You block Menkaure's attack.
You hit Menkaure.
Menkaure is heavily damaged.
You block Menkaure's attack.
Grinder says, "Don't move a muscle."
Menkaure hits you!
* * * LOW HITPOINT WARNING * * *
You bludgeon Menkaure!!
You destroy Menkaure!
Your Maces & Flails skill increases to level 6!
You sock the hound!
You kill the hound!
Grinder gestures at you. Pain shoots through your body!
You die...
Your body crumbles into a pile of gold.

..# # #.# #.#####
#.# .....## #.#
##...#######.#
##.......(...>.
####.......#####..
#..........# #..
#@##...(...# #..
#$###.....## #..
#.# ##...## #..
#.# ##.## #.. #.#
#.# #.. #5# #.#
#.# #.. #.# #..
#.. #.# ##. .. #.


You could see Grinder.

Vanquished Creatures
  Menkaure (D:4)
  A scorpion (D:4)
  2 hounds (D:4)
  Ijyb (D:4)
  An iguana (D:4)
  2 hound skeletons (D:4)
  5 adders
  A worm (D:2)
  4 ball pythons
  5 bats
  4 endoplasms
  4 giant cockroaches
  3 goblins
  8 hobgoblins
  11 jackals
  5 quokkas
  11 frilled lizards
  8 kobolds
  5 rats
82 creatures vanquished.

Vanquished Creatures (others)
  14 plants (Sewer)
14 creatures vanquished.

Grand Total: 96 creatures vanquished

Notes
Turn   | Place    | Note
-------+----------+-------------------------------------------
     0 | D:1      | DeathSun the Gargoyle Fighter began the quest for the Orb.
     0 | D:1      | Reached XP level 1. HP: 14/14 MP: 1/1
   252 | D:1      | Reached XP level 2. HP: 13/19 MP: 2/2
   722 | D:1      | Reached skill level 3 in Maces & Flails
   733 | D:1      | Reached XP level 3. HP: 24/24 MP: 3/3
  1445 | D:2      | Reached XP level 4. HP: 29/29 MP: 4/4
  1618 | D:3      | Noticed Sigmund
  1755 | D:3      | Found a faded altar of an unknown god.
  1770 | D:3      | Became a worshipper of Gozag Ym Sagoz the Greedy
  2342 | D:4      | Reached skill level 4 in Maces & Flails
  2374 | D:4      | Noticed Ijyb
  2383 | D:4      | Killed Ijyb
  2384 | D:4      | Reached XP level 5. HP: 28/34 MP: 5/5
  2480 | D:4      | Identified the +6 quarterstaff "Cegogup" {speed, Int+9}
  2712 | D:4      | Found a glowing drain.
  2716 | Sewer    | Entered a sewer
  3641 | D:4      | Reached skill level 5 in Maces & Flails
  3641 | D:4      | Reached XP level 6. HP: 34/40 MP: 6/6
  3699 | D:4      | Reached skill level 5 in Fighting
  3709 | D:4      | Noticed Menkaure
  3709 | D:4      | Noticed Grinder
  3725 | D:4      | Killed Menkaure
  3726 | D:4      | Reached skill level 6 in Maces & Flails
  3726 | D:4      | Killed from afar by Grinder

Illustrated notes

Levels and vault maps discovered:
D:1:      minmay_arrival_doors, layout_loops_ring
D:2:      layout_rooms
D:3:      layout_basic, hellmonk_ecumenical_altar_blasted,
          uniq_crazy_yiuf_cottage, uniq_sigmund
D:4:      layout_loops_ring, grunt_temple_overflow_gold_and_silver,
          gup_sewer_entry_bowl, grunt_tough_drop, uniq_menkaure, uniq_ijyb,
          uniq_grinder

Skill      XL: |  1  2  3  4  5  6 |
---------------+-------------------+-----
Maces & Flails | 3 4 5 6 |  6.2
Fighting       | 4 5 |  5.0
Armour         | |  3.2
Shields        | |  3.2

Action                   |  1- 3 |  4- 6 || total
-------------------------+-------+-------++-------
Melee: Flail             |   149 |   231 ||   380
  Use: Potion            |       |     1 ||     1
Armor: Scale mail        |   104 |   125 ||   229
Dodge: Dodged            |    64 |    79 ||   143
Block: Kite shield       |    88 |   135 ||   223

Table legend: (Time is in decaauts)
 A = Elapsed time spent in this place.
 B = Non-inter-level travel time spent in this place.
 C = Inter-level travel time spent in this place.
 D = Time resting spent in this place.
 E = Time spent auto-exploring this place.
 F = Levels seen in this place.
 G = Mean time per level.
                   A        B        C        D        E       F      G
               +--------+--------+--------+--------+--------+-----+--------+
         Total |   4085 |   3994 |     91 |    402 |   2388 |   5 |  817.0 |
       Dungeon |   2949 |   2858 |     91 |    275 |   1707 |   4 |  737.2 |
         Sewer |   1135 |   1135 |      0 |    127 |    680 |   1 | 1135.0 |
               +--------+--------+--------+--------+--------+-----+--------+

Top non-repeatable levels by time:
     D:1: 1207 daAuts
   Sewer: 1135 daAuts
     D:2: 717 daAuts
     D:4: 530 daAuts
     D:3: 493 daAuts
